 Dungeon Crawl Stone Soup version 0.30-a0-1066-g63dfefce0d (webtiles) character file.

Game seed: 8106389573437146863

67 GigaChad the Conjurer (level 3, 0/19 HPs)
             Began as a Deep Elf Conjurer on Apr 12, 2023.
             Slain by a goblin
             ... wielding a +0 club
              (4 damage)
             ... on level 2 of the Dungeon.
             The game lasted 00:01:11 (1249 turns).

GigaChad the Conjurer (Deep Elf Conjurer)           Turns: 1249, Time: 00:01:12

Health: 0/19       AC:  2    Str:  4    XL:     3   Next: 98%
Magic:  3/9        EV: 12    Int: 24    God:
Gold:   37         SH:  0    Dex: 13    Spells: 7/8 levels left

rFire   . . .      SeeInvis .    (no weapon)
rCold   . . .      Faith    .    (no shield)
rNeg    . . .      Spirit   .    a - +0 robe
rPois   .          Reflect  .    (no helmet)
rElec   .          Rampage  .    (no cloak)
rCorr   .                        (no gloves)
Will    .....                    (no boots)
Stlth   ++                       (no amulet)
HPRegen 0.23/turn                (no ring)
MPRegen 0.11/turn                (no ring)

@: no status effects
A: no striking features
a: no special abilities


You were on level 2 of the Dungeon.
You visited 1 branch of the dungeon, and saw 2 of its levels.

You collected 37 gold pieces.

Inventory:

Armour
 a - a +0 robe (worn)
Scrolls
 d - a scroll of immolation {unknown}
Potions
 b - a potion of magic
 c - a potion of attraction


   Skills:
 + Level 2.6 Dodging
 + Level 2.9 Stealth
 + Level 3.4 Spellcasting
 + Level 5.7 Conjurations


You had 7 spell levels left.
You knew the following spells:

 Your Spells              Type           Power      Damage    Failure   Level
a - Magic Dart            Conj           100%       1d8       1%          1

Your spell library contained the following spells:

 Spells                   Type           Power      Damage    Failure   Level
 Searing Ray              Conj           62%        2d6       1%          2
 Dazzling Flash           Conj/Hex       34%        N/A       10%         3
 Volatile Blastmotes      Fire/Tloc      8%         2d10      30%         3
 Fulminant Prism          Conj/Hex       8%         3d7       32%         4
 Iskenderun's Mystic Bla  Conj/Tloc      17%        2d5       32%         4
 Lee's Rapid Deconstruct  Erth           2%         3d4*      96%         5


Dungeon Overview and Level Annotations

Branches:
Dungeon (2/15)

Altars:


Message History

You hit the rat but do no damage. The rat closely misses you.
You barely miss the rat. The rat bites you.
You closely miss the rat. The rat bites you.
You hit the rat.
You kill the rat!
You hit the goblin but do no damage. The goblin hits you with a +0 club.
You hit the goblin.
The goblin is heavily wounded.
The goblin closely misses you.
You hit the goblin but do no damage.
The goblin is heavily wounded.
The goblin hits you with a +0 club.
* * * LOW HITPOINT WARNING * * *
You barely miss the goblin.
The goblin is heavily wounded.
The goblin hits you but does no damage.
You hit the goblin but do no damage.
The goblin is heavily wounded.
The goblin hits you but does no damage.
You completely miss the goblin.
The goblin is heavily wounded.
The goblin barely misses you.
You miss the goblin.
The goblin is heavily wounded.
The goblin misses you.
You barely miss the goblin.
The goblin is heavily wounded.
The goblin closely misses you.
You hit the goblin but do no damage.
The goblin is heavily wounded.
The giant cockroach waves its antennae.
The goblin barely misses you.
You barely miss the goblin.
The goblin is heavily wounded.
The goblin hits you with a +0 club.
* * * LOW HITPOINT WARNING * * *
You miss the goblin.
The goblin is heavily wounded.
The goblin hits you with a +0 club.
You die...

########################
................@....[..
################g###....
#### #B# # ...# ..)
...## ### ....
....####.# ....).
.....##..# .......
####..^.## .##.##... #
######


You could see a giant cockroach and a goblin.

Vanquished Creatures
  A gnoll (D:1)
  3 worms (D:2)
  3 dart slugs
  3 ball pythons (D:2)
  3 endoplasms
  4 goblins
  4 hobgoblins
  4 jackals (D:1)
  4 bats (D:1)
  4 frilled lizards
  6 kobolds
  4 rats
43 creatures vanquished.

Notes
Turn   | Place    | Note
-------+----------+-------------------------------------------
     0 | D:1      | GigaChad the Deep Elf Conjurer began the quest for the Orb.
     0 | D:1      | Reached XP level 1. HP: 10/10 MP: 6/6
    30 | D:1      | Reached XP level 2. HP: 15/15 MP: 2/8
   114 | D:1      | Reached skill level 5 in Conjurations
   424 | D:1      | Reached XP level 3. HP: 19/19 MP: 7/9
  1249 | D:2      | Slain by a goblin

Illustrated notes

Levels and vault maps discovered:
D:1:      minmay_arrival_cross, layout_basic, minmay_misc_feat_iff
D:2:      layout_rooms, serial_shops, nicolae_shop_statue_plus,
          kennysheep_generic_room_2

Skill      XL: |  1  2 |
---------------+-------+-----
Conjurations   | 5 |  5.7
Dodging        | |  2.6
Stealth        | |  2.9
Spellcasting   | |  3.4

Action                     || total
---------------------------++-------
  Melee: Unarmed           ||    29
         Punch             ||     2
   Cast: Magic Dart        ||    78
    Use: Scroll            ||     3
 Armour: Robe              ||     8
  Dodge: Dodged            ||    14

Table legend: (Time is in decaauts)
 A = Elapsed time spent in this place.
 B = Non-inter-level travel time spent in this place.
 C = Inter-level travel time spent in this place.
 D = Time resting spent in this place.
 E = Time spent auto-exploring this place.
 F = Levels seen in this place.
 G = Mean time per level.
                   A        B        C        D        E       F      G
               +--------+--------+--------+--------+--------+-----+--------+
         Total |   1248 |   1213 |     35 |      0 |   1056 |   2 |  624.0 |
       Dungeon |   1248 |   1213 |     35 |      0 |   1056 |   2 |  624.0 |
               +--------+--------+--------+--------+--------+-----+--------+

Top non-repeatable levels by time:
     D:1: 891 daAuts
     D:2: 357 daAuts
